 Dungeon Crawl Stone Soup version 0.16.1-18-g436b03c (webtiles) character file.

351462 Chiseanne the Spry (level 21, 0/156 HPs)
             Began as a Demonspawn Monk on May 17, 2015.
             Was an Initiate of Gozag.
             Killed from afar by a starcursed mass (5 damage)
             ... with an accursed screaming
             ... on level 1 of the Abyss.
             The game lasted 04:16:09 (74926 turns).

Chiseanne the Spry (Demonspawn Monk)               Turns: 74926, Time: 04:16:10

Health: 0/156      AC: 40    Str: 17    XL:     21   Next: 29%
Magic:  0/34       EV: 15    Int: 17    God:    Gozag
Gold:   1747       SH: 13    Dex: 18    Spells: 5 memorised, 28 levels left

rFire  + . .     SeeInvis .       - Unarmed
rCold  + . .     Clarity  .     n - +4 plate armour of the Pure Stars {rPois rN++ rCorr}
rNeg   + + .     SustAb   .     u - +0 shield {AC+3}
rPois  +         Gourm    .     P - +2 helmet {Int+3}
rElec  +         Spirit   +     f - +2 cloak
rCorr  +         Warding  .     (gloves unavailable)
rMut   .         Stasis   .     W - +2 pair of boots
MR     +....                    B - amulet of guardian spirit
Stlth  ..........               i - +4 ring of protection
                                D - ring of protection from cold

@: about to teleport, drained, somewhat resistant to hostile enchantments,
extremely unstealthy
A: claws 3, thin metallic scales 3, breathe flames 1, fire resistance 1, frail
1, powered by pain 3, evolution 1, flame cloud immunity
a: Potion Petition, Call Merchant, Bribe Branch, Renounce Religion, Breathe Fire
}: 2/15 runes: decaying, serpentine


You were on level 1 of the Abyss.
You worshipped Gozag.
Gozag was noncommittal.
You were hungry.

You visited 8 branches of the dungeon, and saw 43 of its levels.
You visited the Abyss 2 times.
You also visited: Labyrinth.

You collected 20619 gold pieces.
You spent 7195 gold pieces at shops.
You paid 11677 gold pieces to Gozag.

Inventory:

Hand weapons
 a - a +4 scimitar of flaming
 w - a +0 blowgun
Missiles
 g - 2 throwing nets (quivered)
 I - 14 curare-tipped needles
Armour
 f - a +2 cloak (worn)
 n - the +4 plate armour of the Pure Stars (worn) {rPois rN++ rCorr}
   (You bought it in a shop on level 2 of the Snake Pit)

   It protects you from poison.
   It greatly protects you from negative energy.
   It protects you from acid and corrosion.
 u - a +0 shield of protection (worn)
 P - a +2 helmet of intelligence (worn)
 W - a +2 pair of boots (worn)
Jewellery
 c - an uncursed ring of flight
 i - a +4 ring of protection (right claw)
 A - an uncursed amulet of faith
 B - an amulet of guardian spirit (around neck)
 D - a ring of protection from cold (left claw)
Magical devices
 l - a wand of disintegration (8)
 o - a wand of disintegration (13)
 G - a wand of digging (10)
 H - a wand of teleportation (7)
 K - a wand of invisibility (2)
 Z - a wand of digging (9)
Scrolls
 d - 5 scrolls of immolation
 e - 2 scrolls of recharging
 h - 13 scrolls of identify
 j - 20 scrolls of remove curse
 t - a scroll of magic mapping
 x - a scroll of blinking
 z - a scroll of fear
Potions
 k - a potion of cancellation
 m - 2 potions of restore abilities
 p - a potion of invisibility
 N - 8 potions of curing
 V - 2 potions of magic
Books
 r - Lee's Guide on Confrontation and Ignition
   (You found it on level 1 of the Elven Halls)

   Spells                             Type                      Level
   a - Magic Dart                     Conjuration                  1
   b - Flame Tongue                   Conjuration/Fire             1
   c - Stone Arrow                    Conjuration/Earth            3
   d - Static Discharge               Conjuration/Air              3
   e - Fireball                       Conjuration/Fire             5
Miscellaneous
 b - a fan of gales (inert)
 q - a lamp of fire
 U - a stone of tremors
Comestibles
 s - 2 slices of pizza
 v - 2 fruits
 C - a bread ration
 E - a beef jerky
 F - a royal jelly
 Q - 10 meat rations


   Skills:
 * Level 17.1(16.8) Fighting
 * Level 12.1(11.8) Armour
 - Level 18.3(17.9) Dodging
 - Level 1.7(1.5) Stealth
 * Level 14.3(14.0) Shields
 * Level 18.3(18.0) Unarmed Combat
 - Level 7.8(7.6) Spellcasting
 - Level 3.3(3.1) Transmutations


You had 28 spell levels left.
You knew the following spells:

 Your Spells              Type           Power        Failure   Level  Hunger
a - Beastly Appendage     Trmt           ###...       77%         1    None
b - Apportation           Tloc           #.........   100%        1    None
c - Summon Butterflies    Summ           #.......     100%        1    None
d - Blink                 Tloc           N/A          100%        2    None
e - Shroud of Golubria    Chrm/Tloc      #.........   100%        2    None


Dungeon Overview and Level Annotations

Branches:
Dungeon (14/15)            Temple (1/1) D:4            Lair (8/8) D:8
  Swamp (5/5) Lair:5        Snake (5/5) Lair:5        Slime (0/6) Lair:6
    Orc (4/4) D:12            Elf (3/3) Orc:4        Vaults (3/5) D:13
  Crypt (0/3) Vaults:3

Altars:
Ashenzari
Cheibriados
Dithmenos
Elyvilon
Fedhas
Gozag
Kikubaaqudgha
Makhleb
Nemelex Xobeh
Okawaru
Qazlal
Ru
Sif Muna
Trog
Vehumet
Xom
Yredelemnul
Zin
The Shining One
Beogh

Shops:
D:10 [   D:14 [   Orc:1 [   Orc:4 }*(}   Snake:2 ([[:   Vaults:2 [   Vaults:3 }

Annotations:
D:4 Bramblefist's ghost, average TrMo
D:11 Bramblefist's ghost, powerful TrMo
Swamp:1 exclusion: Roxanne, Roxanne
Swamp:4 Saint Roka
Elf:2 3 runed doors


Innate Abilities, Weirdness & Mutations

You have claws for hands.
You are completely covered in thin metallic scales (AC +4, rElec).
Your flesh is heat resistant.
You are powered by pain.
You are immune to clouds of flame.
You can breathe flames.
You are frail (-10% HP).
You evolve.


Message History

The bolt of negative energy hits the starcursed mass.
The starcursed mass completely resists.
The bolt of negative energy hits you! You partially resist.
You feel drained.
Found a scroll of identify and a potion of poison.
Your air elemental hits the eidolon!
Your air elemental hits the eidolon.
The giant orange brain pulsates.
Something tries to feed on your intellect!
The starcursed mass shrieks in your mind.
* * * LOW HITPOINT WARNING * * *
You are no longer terrified.
The giant orange brain is no longer bleeding.
The ophan harnesses the cleansing power of fire!
The bolt of fire hits you! You resist.
* * * LOW HITPOINT WARNING * * *
The giant orange brain pulsates.
The giant orange brain radiates an aura of fear!
You resist with almost no effort.
The starcursed mass shrieks in your mind.
You die...
Your body crumbles into a pile of gold.

. . .... ... .. #....
...# .. #... ..# . ##.##
##.## # .##...###..(##
..
#.####..#.....#.....#...
.#.##....GX..G....... ##
.#..#......#.....#.. .(.
....##..W###@..## .
..#.# ###E## ##!## .#. .
##... ..# ###.. .#....
.....# ... ......
........ ...X.#..
..#.....#.. .#≈ .
.###... ##...### #≈##.##
##.# #.## . ... . .# .


You could see a starcursed mass and a giant orange brain.

Vanquished Creatures
  Vashnia (Snake:5)
  A lich (Abyss:1)
  Rupert (Elf:1)
  A tengu reaver (Vaults:1)
  2 azure jellies (Swamp:5)
  An Executioner (Abyss:1)
  4 thorn hunters
  An orc warlord (Orc:2)
  8 greater nagas (Snake:5)
  Donald (Orc:4)
  A fire giant (Vaults:2)
  4 deep elf sorcerers
  Aizul (Snake:2)
  5 vault wardens
  Gastronok (Lair:1)
  2 ghouls (Vaults:3)
  15 ironheart preservers
  3 very ugly things
  A war gargoyle (Vaults:2)
  5 stone giants
  An ophan (Abyss:1)
  A deep elf demonologist (Vaults:2)
  A lorocyproca (Abyss:1)
  3 deep elf annihilators
  A jiangshi (Vaults:3)
  4 vault guards
  4 fire dragons
  15 hydras
  4 great orbs of eyes
  A minotaur (Lab)
  7 yaktaur captains
  The ghost of Bramblefist the Grappler, a powerful TrMo of Xom (D:10)
  Fannar (Lair:1)
  Harold (Orc:2)
  5 ice dragons
  14 naga warriors
  3 ghost crabs
  15 ogre magi
  A catoblepas (Lair:8)
  3 death yaks (Lair:8)
  A deep troll earth mage (Vaults:1)
  A deep troll shaman (Vaults:3)
  2 dancing weapons (Elf:2)
  17 anacondas
  5 centaur warriors
  5 alligators
  A thrashing horror (Abyss:2)
  9 shock serpents
  2 sun demons (Abyss:1)
  Urug (Swamp:1)
  6 orc high priests
  15 naga sharpshooters
  Nergalle (Lair:5)
  A salamander mystic (Snake:5)
  14 deep elf knights
  2 hell hogs (Abyss:1)
  Erolcha (D:8)
  6 skeletal warriors
  A hell knight (Abyss:1)
  A spatial maelstrom (Abyss:1)
  11 deep trolls
  A shadow wraith (Abyss:2)
  9 naga ritualists
  2 spriggan druids
  6 swamp dragons
  A sea snake (Snake:2)
  A fire crab (Vaults:2)
  6 hill giants
  8 large abominations
  13 deep elf summoners
  A wizard (Vaults:3)
  A shambling mangrove (Swamp:3)
  17 ironbrand convokers
  6 orc sorcerers
  A wolf spider zombie (D:12)
  A shining eye (shapeshifter) (Elf:2)
  4 necromancers
  40 ugly things
  2 wolf spiders (Vaults:1)
  8 mana vipers
  A hornet (shapeshifter) (Vaults:1)
  14 orc knights
  A sphinx skeleton (Vaults:2)
  22 deep elf conjurers
  8 griffons
  5 hornets
  A worldbinder (Abyss:1)
  2 sixfirhies
  8 cyclopes
  8 salamanders
  2 phantasmal warriors
  36 black mambas
  36 spiny frogs
  19 guardian serpents
  2 centaur zombies
  3 smoke demons (Abyss:1)
  11 vault sentinels
  A black mamba (shapeshifter) (D:14)
  A storm dragon simulacrum (Vaults:3)
  11 naga magi
  A gargoyle (D:13)
  A queen ant (Lair:2)
  37 yaktaurs
  A fire drake (Lair:8)
  A yaktaur (shapeshifter) (D:14)
  7 komodo dragons
  A kobold demonologist (Vaults:3)
  An elf (shapeshifter) (Abyss:2)
  A komodo dragon (shapeshifter) (Vaults:3)
  5 demonic crawlers
  A polar bear (D:14)
  A yaktaur skeleton (Vaults:2)
  3 wolf spider simulacra (D:14)
  An efreet (D:14)
  17 deep elf priests
  8 trolls
  4 ancient zymes
  12 raiju
  25 two-headed ogres
  A jumping spider (shapeshifter) (Vaults:2)
  8 freezing wraiths
  5 bog bodies
  2 baby alligators (Swamp:3)
  11 giant leeches
  60 slime creatures
  4 boulder beetles
  9 redbacks
  2 centaur simulacra (D:14)
  25 blink frogs
  11 ravens
  2 stone giant simulacra (Vaults:2)
  A tarantella (Elf:1)
  A ynoxinul (Abyss:2)
  7 spriggans
  9 basilisks
  17 humans (D:13)
  A yak (shapeshifter) (Elf:1)
  4 hungry ghosts
  A spriggan (shapeshifter) (Elf:3)
  3 chaos spawn
  3 water elementals
  3 fire bats (Orc:2)
  4 shadows
  A wraith (D:14)
  23 deep elf magi
  2 neqoxecs
  8 hippogriffs
  3 swamp worm simulacra (Swamp:5)
  24 deep elf fighters
  23 vampire mosquitoes
  2 yaktaur simulacra
  58 yaks
  4 mottled dragons
  A spatial vortex (Abyss:1)
  17 swamp worms
  16 wargs
  A steam dragon (D:12)
  5 small abominations
  Menkaure (D:7)
  16 insubstantial wisps
  12 porcupines
  10 hydra simulacra (Swamp:5)
  20 wolves
  26 water moccasins
  51 orc warriors
  15 soldier ants (Lair:2)
  8 spiders (D:14)
  42 nagas
  5 ice beasts
  A merfolk skeleton (Abyss:1)
  An ettin simulacrum (Vaults:1)
  5 swamp drakes
  A black bear (shapeshifter) (Vaults:3)
  A black bear (Lair:3)
  6 centaurs
  5 sky beasts
  7 wasps
  A necrophage (D:7)
  59 ogres
  A phantom (D:7)
  A human skeleton (Vaults:2)
  3 boggarts (Vaults:3)
  11 crocodiles
  8 big kobolds
  A brain worm (shapeshifter) (Vaults:1)
  A boring beetle (Lair:8)
  A gnoll sergeant (D:10)
  26 giant frogs
  An earth elemental (Abyss:1)
  9 killer bees
  A glowing shapeshifter simulacrum (Vaults:2)
  7 scorpions
  A wyvern skeleton (D:11)
  13 electric eels
  5 wights (D:9)
  8 crimson imps
  A giant frog zombie (D:12)
  7 starcursed masses (Abyss:1)
  2 giant frog skeletons
  14 hounds
  A centaur skeleton (D:9)
  4 jellies
  48 orc priests
  An iron imp (Abyss:1)
  4 lava snakes (Lab)
  32 orc wizards
  3 quasits
  8 hell rats
  8 iguanas
  43 worker ants
  34 sheep
  A spectral hound (Swamp:5)
  A hound zombie (D:11)
  A worker ant zombie (D:8)
  26 adders
  12 gnolls
  80 river rats
  A giant mite (D:5)
  5 white imps
  4 shadow imps
  3 worms
  16 ufetubi
  3 swamp drake simulacra (Swamp:5)
  An adder skeleton (D:9)
  2 adder zombies
  8 giant geckos
  2 oozes
  167 orcs
  13 bats
  A giant cockroach (D:7)
  28 goblins
  18 hobgoblins
  15 jackals
  40 kobolds
  2 ball pythons
  5 giant newts
  A jackal skeleton (D:5)
  13 quokkas
  17 rats
  9 fungi
  15 plants
2189 creatures vanquished.

Vanquished Creatures (collateral kills)
  An iguana (Lair:1)
1 creature vanquished.

Vanquished Creatures (others)
  A vault guard (D:13)
  2 alligators
  2 deep elf knights
  A deep elf conjurer (Elf:1)
  A necromancer (D:13)
  A swamp dragon (Swamp:5)
  A guardian serpent (Snake:5)
  A raven (Swamp:1)
  2 air elementals
  2 yaks (Lair:1)
  A human (D:13)
  2 fire elementals
  A naga (Snake:1)
  A warg (Swamp:3)
  A swamp worm (Swamp:5)
  2 water moccasins (Swamp:5)
  A swamp drake (Swamp:5)
  2 boggarts (Vaults:3)
  An earth elemental (Snake:5)
  A white imp (D:14)
  An ufetubus (D:14)
  A lurking horror (Abyss:1)
  9 fungi
  9 plants
  3 starspawn tentacles (Abyss:1)
  23 starspawn tentacle segments (Abyss:1)
73 creatures vanquished.

Grand Total: 2263 creatures vanquished

Notes
Turn   | Place    | Note
--------------------------------------------------------------
     0 | D:1      | Chiseanne, the Demonspawn Monk, began the quest for the Orb.
     0 | D:1      | Reached XP level 1. HP: 18/18 MP: 1/1
   377 | D:1      | Gained mutation: You sometimes gain a little power by taking damage. [demonic ancestry]
   377 | D:1      | Reached XP level 2. HP: 17/24 MP: 2/2
  1307 | D:1      | Gained mutation: You have sharp fingernails. [demonic ancestry]
  1307 | D:1      | Reached XP level 3. HP: 14/29 MP: 3/3
  2081 | D:2      | Reached skill level 4 in Fighting
  2207 | D:2      | Found a sacrificial altar of Ru.
  2567 | D:3      | Gained mutation: You have very sharp fingernails. [demonic ancestry]
  2567 | D:3      | Reached XP level 4. HP: 37/37 MP: 4/4
  2839 | D:3      | Reached skill level 1 in Armour
  3283 | D:4      | Reached XP level 5. HP: 38/42 MP: 5/5
  3442 | D:4      | Found a staircase to the Ecumenical Temple.
  3469 | Temple   | Entered the Ecumenical Temple
  3541 | Temple   | Became a worshipper of Gozag Ym Sagoz the Greedy
  3627 | D:4      | Noticed Bramblefist's ghost (average TrMo)
  3754 | D:4      | Noticed an ogre
  3762 | D:4      | Killed an ogre
  3931 | D:5      | Entered Level 5 of the Dungeon
  4028 | D:5      | Reached XP level 6. HP: 27/49 MP: 6/6
  4334 | D:5      | Found an ancient bone altar of Kikubaaqudgha.
  4405 | D:5      | Found a stormy altar of Qazlal.
  4408 | D:5      | Noticed a fire elemental
  4410 | D:5      | Noticed a water elemental
  4438 | D:5      | Noticed an air elemental
  4662 | D:5      | Noticed a sky beast
  4672 | D:5      | Killed a sky beast
  4672 | D:5      | Reached XP level 7. HP: 36/55 MP: 7/7
  4881 | D:5      | Found a glowing silver altar of Zin.
  4934 | D:5      | Noticed a sky beast
  4949 | D:5      | Reached skill level 5 in Fighting
  4958 | D:5      | Killed a sky beast
  4958 | D:5      | Reached skill level 5 in Unarmed Combat
  5270 | D:5      | Found an iron altar of Okawaru.
  6212 | D:6      | Found a basalt altar of Yredelemnul.
  6537 | D:6      | Gained mutation: You are partially covered in thin metallic scales (AC +2). [demonic ancestry]
  6537 | D:6      | Reached XP level 8. HP: 47/63 MP: 8/8
  7268 | D:7      | Reached skill level 5 in Armour
  7353 | D:7      | Reached skill level 5 in Dodging
  7582 | D:7      | Noticed Menkaure
  7587 | D:7      | Killed Menkaure
  7587 | D:7      | Reached skill level 6 in Fighting
  7895 | D:7      | Gained mutation: You have claws for hands. [demonic ancestry]
  7895 | D:7      | Reached XP level 9. HP: 69/69 MP: 9/9
  8851 | D:8      | Reached skill level 7 in Unarmed Combat
  8916 | D:8      | Found a glowing golden altar of the Shining One.
  8920 | D:8      | Learned a level 1 spell: Beastly Appendage
  8988 | D:8      | Found a staircase to the Lair.
  8988 | D:8      | Noticed a komodo dragon
  9010 | D:8      | Killed a komodo dragon
  9140 | Lair:1   | Entered Level 1 of the Lair of Beasts
  9374 | D:8      | Noticed Erolcha
  9514 | D:8      | Killed Erolcha
  9902 | D:9      | Reached XP level 10. HP: 64/79 MP: 10/10
  9935 | D:9      | Reached skill level 8 in Unarmed Combat
 10279 | D:9      | Got a jewelled ring mail
 10314 | D:9      | Identified the +0 ring mail of Narcissism {rElec rC+ Slay+2} (You found it on level 9 of the Dungeon)
 11160 | D:10     | Entered Level 10 of the Dungeon
 11355 | D:10     | Found Bageat's Antique Armour Emporium.
 11372 | D:10     | Bought a steaming helmet for 247 gold pieces
 11377 | D:10     | Identified the +0 helmet of Intercession {Int+5} (You bought it in a shop on level 10 of the Dungeon)
 11523 | D:10     | Noticed Bramblefist's ghost (powerful TrMo)
 12066 | D:10     | Killed Bramblefist's ghost
 12066 | D:10     | Reached skill level 9 in Unarmed Combat
 12688 | D:10     | Reached XP level 11. HP: 84/87 MP: 11/11
 13006 | D:11     | Noticed Bramblefist's ghost (powerful TrMo)
 13225 | D:11     | Noticed a hill giant
 13236 | D:11     | Killed a hill giant
 13505 | D:10     | Bought a pair of glowing boots for 117 gold pieces
 13528 | D:10     | Bought an encrusted scale mail for 234 gold pieces
 13539 | D:10     | Identified the +4 scale mail "Umnuqyin" {rPois rN+ MR+ Str+4 Int+2} (You bought it in a shop on level 10 of the Dungeon)
 13932 | D:11     | Reached skill level 10 in Unarmed Combat
 14754 | D:12     | Found a bloodstained altar of Trog.
 14809 | D:12     | Noticed a hill giant
 14832 | D:12     | Killed a hill giant
 15285 | D:12     | Found a staircase to the Orcish Mines.
 15501 | D:12     | Reached skill level 10 in Fighting
 15642 | Orc:1    | Entered Level 1 of the Orcish Mines
 15889 | Orc:2    | Noticed Harold
 15901 | Orc:2    | Killed Harold
 15901 | Orc:2    | Gained mutation: You sometimes gain power by taking damage. [demonic ancestry]
 15901 | Orc:2    | Reached XP level 12. HP: 84/97 MP: 12/12
 16525 | Orc:2    | Found a roughly hewn altar of Beogh.
 16703 | Orc:1    | Found Qiustav's Armour Shop.
 16866 | Orc:2    | Reached skill level 11 in Unarmed Combat
 16900 | Orc:1    | Bought a +0 cloak for 63 gold pieces
 16963 | Orc:3    | Noticed an orc warlord
 17513 | Orc:2    | Killed an orc warlord
 18552 | Orc:3    | Found a roughly hewn altar of Beogh.
 18897 | Orc:4    | Entered Level 4 of the Orcish Mines
 18955 | Orc:4    | Noticed Donald
 18969 | Orc:4    | Killed Donald
 19100 | Orc:4    | Found a burning altar of Makhleb.
 19572 | Orc:4    | Found a staircase to the Elven Halls.
 20159 | Orc:4    | Reached skill level 12 in Unarmed Combat
 20942 | Orc:3    | Reached XP level 13. HP: 92/106 MP: 13/13
 21981 | Orc:4    | Found Briost's Gadget Shoppe.
 21981 | Orc:4    | Found Waogenad's Assorted Antiques.
 21984 | Orc:4    | Found Nenas' Antique Weapon Emporium.
 21985 | Orc:4    | Found Schuoro's Gadget Shoppe.
 21990 | Orc:4    | Bought a potion of haste for 230 gold pieces
 21990 | Orc:4    | Bought an emerald ring for 115 gold pieces
 21990 | Orc:4    | Bought a curved brass wand for 92 gold pieces
 21990 | Orc:4    | Bought a potion of magic for 184 gold pieces
 22006 | Orc:4    | Bought a runed falchion for 66 gold pieces
 22009 | Orc:4    | Bought a runed flail for 77 gold pieces
 22009 | Orc:4    | Bought a glowing mace for 66 gold pieces
 22023 | Orc:4    | Bought a runed hand crossbow for 77 gold pieces
 22246 | D:12     | Noticed a centaur warrior
 22258 | D:12     | Killed a centaur warrior
 22407 | Lair:1   | Noticed Gastronok
 22441 | Lair:1   | Killed Gastronok
 22441 | Lair:1   | Reached skill level 10 in Armour
 22786 | Lair:1   | Noticed Fannar
 22811 | Lair:1   | Reached skill level 10 in Dodging
 22825 | Lair:1   | Killed Fannar
 23138 | Lair:1   | Noticed a spiny frog
 23145 | Lair:1   | Killed a spiny frog
 23645 | Lair:2   | Found a labyrinth entrance.
 23650 | Lab      | Entered a labyrinth
 24082 | Lab      | Got a bone great sword
 24088 | Lab      | Identified the cursed +3 great sword of Greatest Utility {antimagic, rPois Stlth+} (You found it in a labyrinth)
 24682 | Lair:2   | Reached skill level 1 in Spellcasting
 24849 | Lair:2   | Reached skill level 13 in Unarmed Combat
 25930 | Lair:3   | Identified a scroll of acquirement
 27074 | Lair:3   | Gained mutation: You are mostly covered in thin metallic scales (AC +3). [demonic ancestry]
 27074 | Lair:3   | Reached XP level 14. HP: 115/115 MP: 20/20
 28203 | Lair:5   | Noticed Nergalle
 28210 | Lair:5   | Killed Nergalle
 28632 | Lair:5   | Found a staircase to the Snake Pit.
 28961 | Lair:5   | Found a staircase to the Swamp.
 29114 | Lair:6   | Found a staircase to the Slime Pits.
 29135 | Lair:6   | Reached skill level 14 in Unarmed Combat
 29522 | Lair:6   | Learned a level 1 spell: Apportation
 29524 | Lair:6   | Got an ichor-stained great mace
 29525 | Lair:6   | Identified the cursed -2 great mace of the Spider {speed, rElec Dex+2} (You found it on level 6 of the Lair of Beasts)
 31012 | Lair:8   | Entered Level 8 of the Lair of Beasts
 32779 | Lair:8   | Gained mutation: Your flesh is heat resistant. [demonic ancestry]
 32779 | Lair:8   | Reached XP level 15. HP: 121/124 MP: 25/25
 33393 | Lair:8   | Got a faintly humming cloak
 33404 | Lair:8   | Identified the +1 cloak "Skikleob" {-Tele MR+ Int+2 Dex-2 SInv} (You acquired it on level 8 of the Lair of Beasts)
 34407 | Swamp:1  | Entered Level 1 of the Swamp
 34452 | Swamp:1  | Reached skill level 5 in Spellcasting
 35546 | Swamp:1  | Noticed Urug
 35553 | Swamp:1  | Killed Urug
 35759 | Swamp:1  | Noticed Roxanne
 36106 | Swamp:3  | Gained mutation: You evolve. [potion of beneficial mutation]
 36153 | Swamp:3  | Noticed a thorn hunter
 36201 | Swamp:3  | Killed a thorn hunter
 36607 | Swamp:3  | Gained mutation: You have an increased reservoir of magic (+10% MP). [evolution]
 37180 | Swamp:3  | Reached skill level 15 in Unarmed Combat
 39490 | Swamp:4  | Noticed Saint Roka
 40077 | Swamp:3  | Reached XP level 16. HP: 108/133 MP: 31/31
 40510 | Swamp:4  | Noticed a thorn hunter
 40527 | Swamp:4  | Killed a thorn hunter
 40740 | Swamp:5  | Entered Level 5 of the Swamp
 42750 | Swamp:5  | Got a decaying rune of Zot
 43993 | Snake:1  | Entered Level 1 of the Snake Pit
 44723 | D:13     | Noticed a hill giant
 44724 | D:13     | Noticed a hill giant
 44733 | D:13     | Killed a hill giant
 44737 | D:13     | Killed a hill giant
 45180 | D:13     | Noticed a skeletal warrior
 45180 | D:13     | Noticed a skeletal warrior
 45180 | D:13     | Noticed a skeletal warrior
 45186 | D:13     | Noticed a skeletal warrior
 45186 | D:13     | Killed a skeletal warrior
 45191 | D:13     | Noticed a skeletal warrior
 45199 | D:13     | Killed a skeletal warrior
 45211 | D:13     | Killed a skeletal warrior
 45235 | D:13     | Killed a skeletal warrior
 45295 | D:13     | Killed a skeletal warrior
 45934 | D:13     | Noticed a necromancer
 45938 | D:13     | Killed a necromancer
 45994 | D:13     | Noticed a necromancer
 45994 | D:13     | Noticed a necromancer
 46008 | D:13     | Killed a necromancer
 46020 | D:13     | Killed a necromancer
 46022 | D:13     | Found a gate to the Vaults.
 46023 | D:13     | Noticed a vault guard
 46023 | D:13     | Noticed a vault guard
 46037 | D:13     | Killed a vault guard
 46053 | D:13     | Killed a vault guard
 46548 | D:14     | Reached skill level 15 in Fighting
 46715 | D:14     | Found Psuzecrazo's Antique Armour Emporium.
 46723 | D:14     | Bought a polished swamp dragon armour for 1100 gold pieces
 46723 | D:14     | Bought a steaming leather armour for 140 gold pieces
 46748 | D:14     | Identified the +11 swamp dragon armour of Negligence {+Fly rPois Regen+ Str-5} (You bought it in a shop on level 14 of the Dungeon)
 46758 | D:14     | Identified the +3 leather armour of Klefrokho {rPois rF- MR++ Str+4} (You bought it in a shop on level 14 of the Dungeon)
 47082 | D:14     | Reached skill level 16 in Unarmed Combat
 47757 | D:14     | Gained mutation: You are powered by pain. [demonic ancestry]
 47757 | D:14     | Reached XP level 17. HP: 137/142 MP: 34/34
 47841 | Vaults:1 | Entered Level 1 of the Vaults
 48359 | Vaults:1 | HP: 5/142 [ettin simulacrum (12)]
 49010 | Vaults:1 | Reached skill level 15 in Dodging
 50564 | Vaults:1 | Gained mutation: You occasionally shout uncontrollably at your foes. [evolution]
 51839 | Lair:1   | Learned a level 1 spell: Summon Butterflies
 51842 | Lair:1   | Learned a level 2 spell: Blink
 51845 | Lair:1   | Learned a level 2 spell: Shroud of Golubria
 52147 | Vaults:2 | Reached skill level 17 in Unarmed Combat
 52173 | Vaults:2 | Reached skill level 1 in Transmutations
 53288 | Vaults:2 | Gained mutation: You are immune to clouds of flame. [demonic ancestry]
 53288 | Vaults:2 | Reached XP level 18. HP: 112/151 MP: 28/35
 53687 | Vaults:2 | Found Shron's Armour Shop.
 53695 | Vaults:2 | Bought a +0 shield of protection for 218 gold pieces
 54188 | Vaults:2 | Reached skill level 1 in Shields
 56515 | Vaults:2 | Reached skill level 5 in Shields
 56801 | Vaults:2 | Noticed a Brimstone Fiend
 58266 | Vaults:2 | Got a scintillating jade ring
 58321 | Vaults:3 | Identified the ring "Taetos" {rPois Stlth+} (You took it off a vault sentinel on level 2 of the Vaults)
 58731 | Vaults:3 | Found a staircase to the Crypt.
 58782 | Vaults:3 | Reached XP level 19. HP: 105/155 MP: 34/36
 59894 | Vaults:3 | Found Dipp's Gadget Shop.
 60179 | Vaults:3 | Gained mutation: You can breathe flames. [evolution]
 60227 | Vaults:3 | Reached skill level 10 in Shields
 62047 | Snake:2  | Found Waiha's Book Boutique.
 62082 | Snake:2  | Noticed Aizul
 62086 | Snake:2  | Bought a manual of Dodging for 1324 gold pieces
 62101 | Snake:2  | Found Huf Nale's Antique Armour Emporium.
 62143 | Snake:2  | Bought a distressingly furry helmet for 370 gold pieces
 62452 | Snake:2  | Killed Aizul
 62501 | Snake:2  | Identified the +1 helmet of Ashenzari's Approval {Int+4} (You bought it in a shop on level 2 of the Snake Pit)
 62513 | Snake:2  | Bought an opal-encrusted ring mail for 351 gold pieces
 62513 | Snake:2  | Bought a heavy robe for 222 gold pieces
 62513 | Snake:2  | Bought an ominously black robe for 222 gold pieces
 62524 | Snake:2  | Identified the cursed +0 ring mail "Schoustie" {rPois} (You bought it in a shop on level 2 of the Snake Pit)
 62535 | Snake:2  | Identified the +0 robe of the Dolphin {Regen+ rCorr Dex-2 Slay+3 Stlth+} (You bought it in a shop on level 2 of the Snake Pit)
 62547 | Snake:2  | Identified the -5 robe "Smesipre" {MP-9 Str+7} (You bought it in a shop on level 2 of the Snake Pit)
 62573 | Snake:2  | Found Hesasog's Antique Weapon Shop.
 62576 | Snake:2  | Found Traaxod's Antique Armour Shoppe.
 63058 | Snake:2  | Bought a distressingly furry plate armour for 840 gold pieces
 63058 | Snake:2  | Bought a steaming plate armour for 840 gold pieces
 63077 | Snake:2  | Identified the +4 plate armour of the Pure Stars {rPois rN++ rCorr} (You bought it in a shop on level 2 of the Snake Pit)
 63087 | Snake:2  | Identified the cursed -5 plate armour of Pride {Int-4 Dex+7} (You bought it in a shop on level 2 of the Snake Pit)
 63405 | Snake:3  | Found a shimmering altar of Xom.
 65585 | Snake:5  | Entered Level 5 of the Snake Pit
 65720 | Snake:5  | Reached XP level 20. HP: 147/166 MP: 34/36
 65869 | Snake:5  | Noticed Vashnia
 65891 | Snake:5  | Killed Vashnia
 67267 | Snake:5  | Reached skill level 18 in Dodging
 67747 | Snake:5  | Lost mutation: You occasionally shout uncontrollably at your foes. [evolution]
 67855 | Snake:5  | Got a serpentine rune of Zot
 68486 | Elf:1    | Entered Level 1 of the Elven Halls
 68935 | Elf:1    | Noticed Rupert
 69011 | Elf:1    | Killed Rupert
 69919 | Elf:1    | Cast into the Abyss (a deep elf sorcerer)
 70114 | Abyss:1  | Gained mutation: You are frail (-10% HP). [a neqoxec]
 70419 | Abyss:1  | HP: 3/149 [dire elephant zombie (20)]
 70811 | Abyss:1  | Paralysed by accursed screaming for 1 turns
 70814 | Abyss:1  | Found a corrupted altar of Lugonu.
 71111 | Abyss:1  | HP: 4/150 [starcursed mass/accursed screaming (4)]
 71543 | Abyss:1  | Gained mutation: You are completely covered in thin metallic scales (AC +4, rElec). [demonic ancestry]
 71543 | Abyss:1  | Reached XP level 21. HP: 145/155 MP: 37/37
 72197 | Abyss:2  | Found a bloodstained altar of Trog.
 72398 | Abyss:2  | Lost mutation: You have an increased reservoir of magic (+10% MP). [a neqoxec]
 72518 | Abyss:2  | Paralysed by accursed screaming for 2 turns
 72993 | Elf:1    | Escaped the Abyss
 73335 | Elf:1    | Identified Lee's Guide on Confrontation and Ignition
 73437 | Elf:2    | Paralysed by an orc sorcerer for 4 turns
 73492 | Elf:2    | Got a smoking chain mail
 73574 | Elf:2    | Identified the +0 chain mail of Disguise {Regen+ MP-9 Str-5 Dex+7 SInv} (You found it on level 2 of the Elven Halls)
 73965 | Elf:2    | Found a runed gate.
 73965 | Elf:2    | Found a runed gate.
 73966 | Elf:2    | Found a runed gate.
 74295 | Elf:3    | Entered Level 3 of the Elven Halls
 74607 | Elf:3    | Found a radiant altar of Vehumet.
 74887 | Elf:3    | Cast into the Abyss (a deep elf demonologist)
 74925 | Abyss:1  | HP: 4/156 [ophan/bolt of fire (4)]
 74926 | Abyss:1  | Killed from afar by a starcursed mass

Action                   |  1- 3 |  4- 6 |  7- 9 | 10-12 | 13-15 | 16-18 | 19-21 || total
-------------------------+-------+-------+-------+-------+-------+-------+-------++-------
Melee: Unarmed           |   184 |   158 |   522 |  1078 |  1991 |  2273 |  2680 ||  8886
       Flail             |       |       |       |     1 |   108 |    14 |       ||   123
       Eveningstar       |       |       |       |       |    10 |       |       ||    10
 Fire: Blowgun           |       |       |     1 |   115 |   121 |    10 |     1 ||   248
       Shortbow          |       |       |       |     2 |       |       |       ||     2
Throw: Javelin           |       |       |       |       |       |     6 |       ||     6
Invok: Call Merchant     |       |       |       |     2 |       |     1 |       ||     3
       Potion Petition   |       |       |       |       |     2 |     4 |     8 ||    14
 Abil: Evoke Flight      |       |       |       |       |     2 |     2 |       ||     4
       Breathe Fire      |       |       |       |       |       |       |     3 ||     3
Evoke: Wand              |       |       |     1 |     3 |    35 |       |    12 ||    51
       Fan of gales      |       |       |       |       |       |       |     3 ||     3
       Lamp of fire      |       |       |       |       |       |       |     2 ||     2
       Stone of tremors  |       |       |       |       |       |       |     1 ||     1
  Use: Scroll            |     8 |     5 |     4 |     7 |    21 |    17 |    22 ||    84
       Potion            |       |       |     2 |     7 |     8 |     3 |     9 ||    29
 Stab: Sleeping          |     1 |       |       |     2 |       |       |     1 ||     4
       Invisible         |       |       |       |     5 |     3 |     1 |     6 ||    15
       Distracted        |       |       |       |     1 |     5 |    10 |     9 ||    25
       Confused          |       |       |       |       |     1 |       |       ||     1
  Eat: Chunk             |     5 |     4 |       |       |       |       |       ||     9
       Beef jerky        |       |     3 |       |     6 |     2 |     2 |     3 ||    16
       Bread ration      |       |       |     3 |     4 |     7 |     5 |     7 ||    26
       Fruit             |       |       |     5 |     4 |    22 |     4 |     9 ||    44
       Royal jelly       |       |       |       |     1 |     1 |     2 |       ||     4
       Meat ration       |       |       |       |     1 |     2 |     5 |     3 ||    11
       Pizza             |       |       |       |     1 |     2 |     1 |       ||     4
